 Dungeon Crawl Stone Soup version 0.23.0 (webtiles) character file.

Game seed: 8716249594599396066

308 Esekla the Slasher (level 6, -1/32 HPs)
             Began as a Vine Stalker Abyssal Knight on Feb 12, 2019.
             Was a Believer of Lugonu.
             Killed from afar by an orc wizard (5 damage)
             ... with a puff of flame
             ... on level 4 of the Dungeon.
             The game lasted 00:25:15 (3620 turns).

Esekla the Slasher (Vine Stalker Abyssal Knight)    Turns: 3620, Time: 00:25:15

Health: -1/32      AC:  4    Str: 14    XL:     6   Next: 40%
Magic:  0/8        EV: 12    Int: 12    God:    Lugonu [**....]
Gold:   256        SH:  0    Dex: 16    Spells: 5/5 levels left

rFire    . . .     SeeInvis .   a - +1 falchion
rCold    . . .     Gourm    .   (no shield)
rNeg     . . .     Faith    .   b - +0 leather armour
rPois    +         Spirit   +   q - +0 helmet
rElec    .         Reflect  .   (no cloak)
rCorr    .         Harm     .   (no gloves)
MR       .....                  (no boots)
Stlth    +.........             (no amulet)
HPRegen  0.50/turn              s - ring of poison resistance
MPRegen  0.11/turn              (no ring)

@: no status effects
A: fangs 2, regeneration 1, magic shield, antimagic bite, no potion heal 3, rot
immunity
a: Depart the Abyss, Bend Space, Renounce Religion


You were on level 4 of the Dungeon.
You worshipped Lugonu.
Lugonu was pleased with you.
You were not hungry.

You visited 1 branch of the dungeon, and saw 5 of its levels.
You visited the Abyss 1 time.

You collected 256 gold pieces.

Inventory:

Hand Weapons
 a - a +1 falchion (weapon)
Armour
 b - a +0 leather armour (worn)
 q - a +0 helmet (worn)
Jewellery
 s - a ring of poison resistance (left hand)
 t - a +3 ring of slaying {unknown}
Scrolls
 e - a scroll of amnesia {unknown}
 h - 2 scrolls of remove curse {unknown}
 i - 2 scrolls of teleportation {unknown}
 j - a scroll of fear {unknown}
 l - 4 scrolls of identify {unknown}
 m - 2 scrolls of blinking {unknown}
 o - a scroll of immolation {unknown}
Potions
 d - 2 potions of curing {unknown}
 f - 2 potions of might {unknown}
 g - a potion of mutation {unknown}
 k - a potion of heal wounds {unknown}
 n - a potion of invisibility {unknown}
 p - a potion of degeneration {unknown}
 r - a potion of brilliance {unknown}
Comestibles
 c - 5 rations


   Skills:
 + Level 3.6 Fighting
 * Level 4.5 Long Blades
 + Level 2.3 Armour
 + Level 1.7 Dodging
 + Level 2.1 Invocations


You had 5 spell levels left.
You didn't know any spells.
Your spell library was empty.

Dungeon Overview and Level Annotations

Branches:
Dungeon (5/15)
 Temple: D:4-7

Altars:
Elyvilon
Ru
Wu Jian


Innate Abilities, Weirdness & Mutations

You have extremely sharp teeth.
Your natural rate of healing is unusually fast.
When hurt, damage is shared between your health and your magic reserves.
Your bite disrupts and absorbs the magic of your enemies.
Potions cannot restore your health.
You are immune to rotting.


Message History

* * * LOW HITPOINT WARNING * * *
The orc wizard hits you but does no damage.
Okay, then.
You hit the orc wizard.
The orc wizard is severely wounded.
The orc wizard closely misses you.
You riposte.
You barely miss the orc wizard. You bite the orc wizard.
The orc wizard's magic leaks into the air.
You drain its magic.
You feel invigorated.
The orc wizard is almost dead.
The orc barely misses you.
You closely miss the orc wizard. Your bite misses the orc wizard.
The orc wizard is almost dead.
The orc wizard hits you with a +0 dagger.
* * * LOW HITPOINT WARNING * * *
The orc hits you with a +0 flail.
* * * LOW HITPOINT WARNING * * *
The orc wizard casts a spell at you. The puff of flame hits you.
You die...

#########.........#####.#
###..#............O..#
###.#............##########
#.#.o#.#.........# #.......
#.o#.#'#.........###.######
#..#.###.#.>.......#.......#.
#..#
###...#.........#.#.###.#.
..#
###...###..oo.....#.#...#.#.
.
#...###.#..@......#.#...#.#.
#..##...##........#.#...#.#.
##....####........#.#...#.#.
##†.##.########..#.#...#.#.
##....# #..#.#...#.#. ##..##
##.#.#...#... ##..#
#...##.##### ##.#
#...#....... ### ##..########


You could see an orc wizard and an orc.

Vanquished Creatures
  A howler monkey (D:4)
  2 worker ants (D:4)
  2 orc wizards (D:4)
  5 adders
  An ooze (D:4)
  2 adder skeletons
  3 worms
  A dart slug (D:1)
  8 leopard geckos
  10 orcs
  A ball python (D:1)
  3 bats
  3 giant cockroaches
  6 goblins
  8 hobgoblins
  6 jackals (D:4)
  12 kobolds
  5 frilled lizards
  10 rats (D:1)
89 creatures vanquished.

Notes
Turn   | Place    | Note
-------+----------+-------------------------------------------
     0 | Abyss:1  | Esekla the Vine Stalker Abyssal Knight began the quest for
                  | the Orb.
     0 | Abyss:1  | Reached XP level 1. HP: 11/11 MP: 3/3
    45 | Abyss:1  | Noticed a ynoxinul
    79 | D:1      | Escaped the Abyss
   402 | D:1      | Reached XP level 2. HP: 13/16 MP: 4/4
   447 | D:1      | Reached skill level 2 in Long Blades
   558 | D:1      | Reached * piety under Lugonu
   864 | D:2      | Found a white marble altar of Elyvilon.
   875 | D:2      | Reached XP level 3. HP: 14/20 MP: 2/5
  1622 | D:2      | Reached skill level 1 in Dodging
  2147 | D:2      | Gained mutation: Your natural rate of healing is unusually
                  | fast. [Vine Stalker growth]
  2147 | D:2      | Reached XP level 4. HP: 24/24 MP: 6/6
  2479 | D:4      | Reached ** piety under Lugonu
  2479 | D:4      | Reached skill level 3 in Long Blades
  2512 | D:4      | Reached XP level 5. HP: 14/28 MP: 4/7
  2625 | D:3      | Found an ornate altar of the Wu Jian Council.
  3070 | D:4      | Reached skill level 4 in Long Blades
  3070 | D:4      | Reached XP level 6. HP: 32/32 MP: 8/8
  3376 | D:4      | Found a sacrificial altar of Ru.
  3498 | D:4      | Noticed an orc warrior
  3514 | D:5      | Entered Level 5 of the Dungeon
  3620 | D:4      | Killed from afar by an orc wizard

Skill      XL: |  1  2  3  4  5 |
---------------+----------------+-----
Fighting       | 3 |  3.6
Long Blades    | 2 3 4 |  4.5
Invocations    | 2 |  2.1
Dodging        | 1 |  1.7
Armour         | 2 |  2.3

Action                   |  1- 3 |  4- 6 || total
-------------------------+-------+-------++-------
Melee: Falchion          |   106 |   152 ||   258
       Bite              |    27 |    56 ||    83
Invok: Depart the Abyss  |     1 |       ||     1
       Bend Space        |       |     3 ||     3
 Stab: Sleeping          |     2 |     1 ||     3
  Eat: Ration            |     2 |     1 ||     3
Armor: Leather armour    |    22 |    27 ||    49
Dodge: Dodged            |    63 |    94 ||   157
       Rpst.: Falchion   |    26 |    34 ||    60
